 Dungeon Crawl Stone Soup version 0.29.1-13-g9f3cf754e1 (webtiles) character file.

Game seed: 16957226204533501865

10 KittyFluff the Trooper (level 2, -1/19 HPs)
             Began as a Gargoyle Berserker on Jan 22, 2023.
             Was a Follower of Trog.
             Slain by a hobgoblin (4 damage)
             ... on level 1 of the Dungeon.
             The game lasted 00:00:47 (506 turns).

KittyFluff the Trooper (Gargoyle Berserker)          Turns: 506, Time: 00:00:48

Health: -1/19      AC:  6    Str: 20    XL:     2   Next: 20%
Magic:  2/2        EV: 11    Int:  7    God:    Trog [*.....]
Gold:   7          SH:  0    Dex:  9    Spells: 1/1 levels left

rFire   . . .      SeeInvis .   a - +0 mace
rCold   . . .      Faith    .   (no shield)
rNeg    + . .      Spirit   .   c - +0 leather armour
rPois   ∞          Reflect  .   (no helmet)
rElec   +          Harm     .   (no cloak)
rCorr   .          Rampage  .   (no gloves)
Will    .....                   (no boots)
Stlth   +.........              (no amulet)
HPRegen 0.06/turn               (no ring)
MPRegen 0.08/turn               (no ring)

@: no status effects
A: sickness immunity, AC +2, negative energy resistance 1, electricity
resistance, torment resistance 1, petrification resistance
a: Renounce Religion, Berserk


You were on level 1 of the Dungeon.
You worshipped Trog.
Trog was aware of your devotion.
You visited 1 branch of the dungeon, and saw 1 of its levels.

You collected 7 gold pieces.

Inventory:

Hand Weapons
 a - a +0 mace (weapon)
Armour
 c - a +0 leather armour (worn)


   Skills:
 + Level 3.4 Fighting
 + Level 3.2 Maces & Flails
 * Level 2.4 Armour
 + Level 1.6 Dodging


You had one spell level left.
You didn't know any spells.
Your spell library was empty.

Dungeon Overview and Level Annotations

Branches:
Dungeon (1/15)

Altars:


Innate Abilities, Weirdness & Mutations

You are immune to sickness and miasma.
Your stone body is resilient. (AC +2)
You are immune to poison.
You resist negative energy. (rN+)
You are resistant to electric shocks. (rElec)
You are resistant to unholy torment.
You are immune to petrification.


Message History

You miss the quokka. The quokka closely misses you.
You hit the quokka.
The quokka is almost dead.
The quokka barely misses you. The quokka closely misses you.
You closely miss the quokka.
The quokka is almost dead.
The quokka bites you but does no damage.
You miss the quokka.
The quokka is almost dead.
The quokka bites you but does no damage.
The quokka bites you.
You hit the quokka.
You kill the quokka!
Trog accepts your kill. The bat completely misses you.
A hobgoblin comes into view.
The hobgoblin shouts!
You sock the kobold!
You kill the kobold!
Trog accepts your kill. The bat barely misses you.
You have reached level 2!
You hit the bat.
You kill the bat!
Trog accepts your kill.
The endoplasm hits you but does no damage.
Things that are here:
a +2 dagger of holy wrath; a bat corpse; a quokka corpse The hobgoblin attacks as you move away!
The hobgoblin hits you.
You hit the endoplasm.
The endoplasm is heavily wounded.
The endoplasm freezes you.
You are frozen.
* * * LOW HITPOINT WARNING * * *
The endoplasm closely misses you.
You hit the endoplasm.
You kill the endoplasm!
Trog accepts your kill.
You closely miss the hobgoblin. The hobgoblin hits you.
You die...

..........÷...###
#.
######...#.#...#.
#####.#
##.#####....
....... #.# ##._.
.......##
######.#####....
....)...#
#......>..#...#.
........#
#.####.#.....###
........###.#
#.#.#..## #
........g@..#
#.####..# #
........########.#
#### #
........†.....†..#
........##########
........#
#########


You could see a hobgoblin.

Vanquished Creatures
  3 ball pythons (D:1)
  A bat (D:1)
  An endoplasm (D:1)
  A kobold (D:1)
  A quokka (D:1)
  A frilled lizard (D:1)
  2 rats (D:1)
10 creatures vanquished.

Notes
Turn   | Place    | Note
-------+----------+-------------------------------------------
     0 | D:1      | KittyFluff the Gargoyle Berserker began the quest for the
                  | Orb.
     0 | D:1      | Reached XP level 1. HP: 14/14 MP: 1/1
    42 | D:1      | Found a faded altar of an unknown god.
   501 | D:1      | Reached XP level 2. HP: 10/19 MP: 2/2
   506 | D:1      | Slain by a hobgoblin

Illustrated notes

Levels and vault maps discovered:
D:1:      spicycebolla_green_bress_n_ham_2, layout_loops_ring,
          nicolae_ecumenical_snake_handling

Action                   || total
-------------------------++-------
Melee: Mace              ||    32
Invok: Berserk           ||     1
Armor: Leather armour    ||    21
Dodge: Dodged            ||    24
